 Dungeon Crawl Stone Soup version 0.26-a0-642-g67e99244d3 (webtiles) character file.

Game seed: 11844573732554295813

71 DogServant the Shooter (level 4, 0/27 HPs)
             Began as a Tengu Hunter on Sept 22, 2020.
             Slain by an orc wizard
             ... wielding a +0 dagger
              (1 damage)
             ... on level 3 of the Dungeon.
             The game lasted 00:05:58 (2734 turns).

DogServant the Shooter (Tengu Hunter)               Turns: 2734, Time: 00:05:58

Health: 0/27       AC:  5    Str: 13    XL:     4   Next: 24%
Magic:  5/5        EV: 13    Int: 11    God:
Gold:   74         SH:  0    Dex: 15    Spells: 3/3 levels left

rFire    . . .     SeeInvis .   a - +1 shortbow
rCold    . . .     Faith    .   (shield currently unavailable)
rNeg     . . .     Spirit   .   c - +0 leather armour
rPois    .         Reflect  .   (helmet restricted)
rElec    .         Harm     .   (no cloak)
rCorr    .         Rampage  .   (no gloves)
MR       .....                  (boots unavailable)
Stlth    ++........             (no amulet)
HPRegen  0.09/turn              (no ring)
MPRegen  0.09/turn              (no ring)

@: no status effects
A: beak, horns 1, talons 3, slimy green scales 1
a: no special abilities


You were on level 3 of the Dungeon.
You visited 1 branch of the dungeon, and saw 3 of its levels.

You collected 74 gold pieces.

Inventory:

Hand Weapons
 a - a +1 shortbow (weapon)
 b - a +0 short sword
Missiles
 d - 7 arrows (quivered)
Armour
 c - a +0 leather armour (worn)
 f - a +0 buckler
Scrolls
 g - a scroll of remove curse
 i - a scroll of identify
Potions
 n - 2 potions of degeneration


   Skills:
 + Level 2.8 Fighting
 + Level 5.3 Bows
 + Level 3.0 Dodging
 - Level 1.0 Stealth


You had 3 spell levels left.
You didn't know any spells.
Your spell library was empty.

Dungeon Overview and Level Annotations

Branches:
Dungeon (3/15)

Altars:
Nemelex Xobeh
Ru
Xom
The Shining One


Innate Abilities, Weirdness & Mutations

You have a beak for a mouth.
You have claws for feet.
You have a pair of small horns on your head.
You are partially covered in slimy green scales. (AC +2)


Message History

Press: ? - help, Shift-Dir - straight line, p - worm You shoot an arrow.
The arrow hits the worm!
You kill the worm!
Something hits you but does no damage.
Firing (i - inventory)
d - 10 arrows (quivered)
Press: ? - help, Shift-Dir - straight line You shoot an arrow.
Something hits you.
* * * LOW HITPOINT WARNING * * *
Firing (i - inventory)
d - 9 arrows (quivered)
Press: ? - help, Shift-Dir - straight line, f - you
Okay, then.
Okay, then.
Okay, then.
Firing (i - inventory)
d - 9 arrows (quivered)
Press: ? - help, Shift-Dir - straight line You shoot an arrow.
Something hits you but does no damage.
Firing (i - inventory)
d - 8 arrows (quivered)
Press: ? - help, Shift-Dir - straight line You shoot an arrow.
Something hits you.
You die...

#.......###.#
#####..{.####
#.#
#........#
#.#
#.####..$# ..
#......#####
#.#.........
#.#.########
#.#.#
#@#.########
#{#w........
#(#.........
#(#.........
#(#.........
#().........
###.#.#.....
..#.......
###........


There were no monsters in sight!

Vanquished Creatures
  2 adders
  An ooze (D:3)
  A worm (D:3)
  2 leopard geckos
  A ball python (D:1)
  5 giant cockroaches
  6 goblins
  A hobgoblin (D:1)
  2 jackals (D:2)
  6 kobolds
  5 bats
  5 frilled lizards
  7 rats
44 creatures vanquished.

Notes
Turn   | Place    | Note
-------+----------+-------------------------------------------
     0 | D:1      | DogServant the Tengu Hunter began the quest for the Orb.
     0 | D:1      | Reached XP level 1. HP: 12/12 MP: 2/2
   243 | D:1      | Reached XP level 2. HP: 17/17 MP: 3/3
  1026 | D:2      | Reached skill level 5 in Bows
  1258 | D:2      | Reached XP level 3. HP: 20/22 MP: 4/4
  1479 | D:2      | Found a shimmering altar of Xom.
  1603 | D:2      | Gained mutation: You have a pair of small horns on your
                  | head. [potion of mutation]
  1603 | D:2      | Gained mutation: You are partially covered in slimy green
                  | scales. (AC +2) [potion of mutation]
  1885 | D:2      | Found a sacrificial altar of Ru.
  1886 | D:2      | Found a glowing golden altar of the Shining One.
  1886 | D:2      | Found a sparkling altar of Nemelex Xobeh.
  2250 | D:3      | HP: 1/22 [orc wizard/+0 dagger (3)]
  2350 | D:3      | Reached XP level 4. HP: 12/27 MP: 5/5
  2732 | D:3      | HP: 1/27 [something (5)]
  2734 | D:3      | Slain by an orc wizard

Illustrated notes

Levels and vault maps discovered:
D:1:      shiori_shiawase, layout_loops_cross
D:2:      layout_loops_corners, nicolae_overflow_hidden_temple,
          chequers_temple_overflow_statue_of_worship
D:3:      layout_basic, grunt_ministairs_1

Skill      XL: |  1  2  3 |
---------------+----------+-----
Bows           | 5 |  5.3
Dodging        | 3 |  3.0
Fighting       | |  2.8
Stealth        | |  1.0

Action                   |  1- 3 |  4- 6 || total
-------------------------+-------+-------++-------
Melee: Short sword       |    92 |     9 ||   101
       Kick              |    15 |       ||    15
       Peck              |     9 |     1 ||    10
       Headbutt          |     2 |     1 ||     3
 Fire: Shortbow          |     8 |     8 ||    16
  Use: Scroll            |     6 |       ||     6
       Potion            |     6 |       ||     6
 Stab: Sleeping          |     8 |       ||     8
Armor: Leather armour    |    26 |     6 ||    32
Dodge: Dodged            |    75 |     8 ||    83

Table legend: (Time is in decaauts)
 A = Elapsed time spent in this place.
 B = Non-inter-level travel time spent in this place.
 C = Inter-level travel time spent in this place.
 D = Time resting spent in this place.
 E = Time spent auto-exploring this place.
 F = Levels seen in this place.
 G = Mean time per level.
                   A        B        C        D        E       F      G
               +--------+--------+--------+--------+--------+-----+--------+
         Total |   2717 |   2634 |     83 |    443 |   1758 |   3 |  905.7 |
       Dungeon |   2717 |   2634 |     83 |    443 |   1758 |   3 |  905.7 |
               +--------+--------+--------+--------+--------+-----+--------+

Top non-repeatable levels by time:
     D:2: 1456 daAuts
     D:1: 1018 daAuts
     D:3: 241 daAuts
